 Dungeon Crawl Stone Soup version 0.24-a0-123-ga2403f3307 (webtiles) character file.

Game seed: 13182940409688041556

1407 checkright the Ducker (level 8, -3/56 HPs)
             Began as an Octopode Chaos Knight on Feb 22, 2019.
             Was a Believer of Nemelex Xobeh.
             Slain by a gnoll
             ... wielding a +1 halberd of protection
              (10 damage)
             ... on level 7 of the Dungeon.
             The game lasted 00:11:37 (7153 turns).

checkright the Ducker (Octopode Chaos Knight)       Turns: 7153, Time: 00:11:37

Health: -3/56      AC:  1    Str: 11    XL:     8   Next: 70%
Magic:  7/9        EV: 17    Int: 12    God:    Nemelex Xobeh [**....]
Gold:   265        SH:  4    Dex: 14    Spells: 4/9 levels left

rFire    . . .     SeeInvis +   B - +4 quarterstaff (chaos)
rCold    . . .     Gourm    .   (shield currently unavailable)
rNeg     . . .     Faith    .   (helmet restricted)
rPois    .         Spirit   .   g - +4 amulet of reflection
rElec    .         Reflect  +   c - ring of flight
rCorr    .         Harm     .   s - ring of attention (curse)
MR       .....     Clarity  +   t - ring of see invisible Stlth +++.......Rnd*Tele +
                                u - ring of teleportation (curse) {@r3}
HPRegen  0.18/turn              v - ring of fire
MPRegen  0.11/turn              r - ring of ice
                                (no ring)
                                (no ring)

@: lethally poisoned (-3 -> -4)
A: almost no armour, stealthy swim, amphibious, 8 rings, constrict 8, camouflage
1, blurry vision 1, clarity, dopey 1, low mp 1, gelatinous body 1, evolution 1,
MP-powered wands
a: Draw Escape, Draw Destruction, Draw Summoning, Renounce Religion, Evoke
Flight


You were on level 7 of the Dungeon.
You worshipped Nemelex Xobeh.
Nemelex Xobeh was pleased with you.
You were very hungry.

You visited 2 branches of the dungeon, and saw 8 of its levels.

You collected 265 gold pieces.

Inventory:

Hand Weapons
 a - a +0 falchion of chaos
 n - a +0 flail
 A - a +3 rapier of speed
 B - a +4 quarterstaff of chaos (weapon)
 E - a +3 short sword of protection
Missiles
 w - 3 throwing nets (quivered) {!f}
Jewellery
 c - a ring of flight (left tentacle)
 g - a +4 amulet of reflection (around mantle)
 r - a ring of ice (on tentacle)
 s - a cursed ring of attention (right tentacle)
 t - a ring of see invisible (on tentacle)
 u - a cursed ring of teleportation (on tentacle) {@r3}
 v - a ring of fire (on tentacle)
Wands
 d - a wand of digging (4)
Scrolls
 j - a scroll of noise {unknown}
 o - a scroll of fog
 p - a scroll of enchant weapon
 q - 6 scrolls of teleportation {@r3}
 x - a scroll of remove curse {unknown}
 y - a scroll of magic mapping {unknown}
 D - a scroll of enchant armour {unknown}
Potions
 e - 2 potions of heal wounds
 f - a potion of mutation {unknown}
 h - a potion of curing {unknown}
 i - a potion of degeneration {unknown}
 k - a potion of flight {unknown}
 l - 3 potions of resistance {unknown}
 m - a potion of cancellation {unknown}
 z - a potion of ambrosia {unknown}
Comestibles
 b - 10 rations


   Skills:
 + Level 5.6 Fighting
 - Level 4.0 Long Blades
 * Level 7.3 Dodging
 - Level 4.0 Stealth
 + Level 1.0 Spellcasting
 * Level 1.5 Translocations
 + Level 4.0 Invocations


You had 4 spell levels left.
You knew the following spells:

 Your Spells              Type           Power        Failure   Level  Hunger
a - Blink                 Tloc           N/A          24%         2    ###....
b - Mephitic Cloud        Conj/Pois/Air  #.......     65%         3    ####...

Your spell library contained the following spells:

 Spells                   Type           Power        Failure   Level  Hunger
 Flame Tongue             Conj/Fire      #....        30%         1    ##.....
 Magic Dart               Conj           #...         30%         1    ##.....
 Call Imp                 Summ           #.......     41%         2    ###....
 Slow                     Hex            #.......     41%         2    ###....
 Throw Flame              Conj/Fire      #.....       41%         2    ###....
 Conjure Flame            Conj/Fire      #.......     65%         3    ####...
 Inner Flame              Hex/Fire       #.......     65%         3    ####...
 Sticky Flame             Conj/Fire      #.......     96%         4    #####..
 Fireball                 Conj/Fire      #.........   100%        5    ######.


Dungeon Overview and Level Annotations

Branches:
Dungeon (7/15)             Temple (1/1) D:4

Altars:
Ashenzari
Cheibriados
Dithmenos
Elyvilon
Fedhas
Gozag
Hepliaklqana
Kikubaaqudgha
Makhleb
Nemelex Xobeh
Okawaru
Qazlal
Ru
Sif Muna
Trog
Wu Jian
Xom
Yredelemnul
Zin
The Shining One

Annotations:
D:5 exclusion: ice beast


Innate Abilities, Weirdness & Mutations

You cannot wear most types of armour.
You are very stealthy in the water. (Stealth+)
You are amphibious.
You can wear up to eight rings at the same time.
You can use your tentacles to constrict eight enemies at once.
Your skin changes colour to match your surroundings (Stealth+).
Your rubbery body absorbs attacks. (AC +1, EV +1)
Scrolls take you a little longer to read.
You possess an exceptional clarity of mind.
You are dopey. (Int -2)
Your magical capacity is low. (-10% MP)
You evolve.
You expend magic power (3 MP) to strengthen your wands.


Message History

d - a wand of digging (4)
A komodo dragon comes into view.
An orc comes into view. It is wielding a +0 hand axe.
You see here 6 gold pieces.
You feel sick.
A gnoll comes into view.
It is wielding a +1 halberd of protection.
A gnoll comes into view. It is wielding a +0 flail.
You feel sick.
The gnoll shouts!
A gnoll comes into view. It is wielding a +0 halberd.
Things that are here:
a +0 whip; a sky beast corpse
Okay, then.
You draw a card...
You have drawn the Orb.
Aim: a gnoll, wielding a +1 halberd of protection The orb of energy hits the gnoll.
The gnoll hits you from afar with a +1 halberd of protection!
You die...
Your body glows slightly and disappears.

#.....#......###.
#..g)$#..........
#.....#......#$..
#.....#!.........
#.....#.........!
#...g.#ag........
#...g...........[
####)##.....#.$.(
#@##..c.......
#.##..(.......
##.#######.....
#...# ..... #.o.#
.... #$..# ....
##.## #... ####..


You could see 3 gnolls and an orc.

Vanquished Creatures
  A water moccasin (D:6)
  A sky beast (D:7)
  An ice beast (D:5)
  A phantom (D:6)
  A centaur (D:7)
  3 bullfrogs (D:6)
  A water moccasin skeleton (D:6)
  A scorpion (D:6)
  A crimson imp (D:4)
  A bullfrog zombie (D:5)
  A hound (D:6)
  An orc priest (D:6)
  2 orc wizards
  Crazy Yiuf (D:6)
  A centaur skeleton (D:5)
  An iguana (D:5)
  2 worker ants
  2 hound skeletons
  6 gnolls
  9 adders
  2 oozes
  2 worms (D:2)
  5 dart slugs
  3 leopard geckos
  9 orcs
  9 bats
  7 giant cockroaches
  5 goblins
  3 hobgoblins
  4 jackals (D:2)
  A quokka (D:6)
  2 ball pythons
  3 frilled lizards
  A goblin skeleton (D:4)
  5 goblin zombies (D:4)
  3 hobgoblin zombies (D:4)
  A jackal zombie (D:6)
  11 kobolds
  A kobold zombie (D:4)
  A leopard gecko zombie (D:6)
  2 orc skeletons (D:4)
  5 rats
123 creatures vanquished.

Vanquished Creatures (collateral kills)
  An orc wizard (D:4)
1 creature vanquished.

Vanquished Creatures (others)
  A crimson imp (D:6)
  A gnoll (D:5)
2 creatures vanquished.

Grand Total: 126 creatures vanquished

Notes
Turn   | Place    | Note
-------+----------+-------------------------------------------
     0 | D:1      | checkright the Octopode Chaos Knight began the quest for
                  | the Orb.
     0 | D:1      | Reached XP level 1. HP: 16/16 MP: 1/1
   134 | D:1      | Reached skill level 1 in Stealth
   134 | D:1      | Reached XP level 2. HP: 16/21 MP: 2/2
   501 | D:1      | XOM: noise
   518 | D:1      | XOM: noise
   653 | D:1      | You fall through a shaft!
   659 | D:2      | Reached XP level 3. HP: 26/26 MP: 3/3
   754 | D:2      | XOM: harmless Tmut miscast
   801 | D:2      | Reached skill level 3 in Dodging
  1014 | D:2      | Reached XP level 4. HP: 18/31 MP: 4/4
  1103 | D:2      | XOM: harmless Summ miscast
  1187 | D:2      | XOM: mild Necr miscast
  1519 | D:2      | Found an opulent altar of Gozag.
  1647 | D:2      | XOM is BORED!
  1647 | D:2      | XOM: mild Hex miscast
  1734 | D:2      | XOM: god gift: 18 stones
  1825 | D:2      | XOM: god gift: ration
  1897 | D:2      | XOM: confusion (+ monsters)
  1958 | D:2      | XOM: medium Pois miscast
  2075 | D:2      | XOM: harmless Air miscast
  2254 | D:2      | XOM: butterfly on damage
  2622 | D:1      | XOM: god gift: book of Flames
  2792 | D:3      | Reached XP level 5. HP: 26/36 MP: 5/5
  2990 | D:3      | Found a bloodstained altar of Trog.
  3092 | D:3      | Found a snail-covered altar of Cheibriados.
  3117 | D:4      | Found a glowing golden altar of the Shining One.
  3125 | D:4      | XOM: summons 2 friendly demons
  3304 | D:4      | XOM: summons 2 friendly demons
  3313 | D:4      | Reached skill level 4 in Dodging
  3680 | D:3      | Reached XP level 6. HP: 43/43 MP: 6/6
  3846 | D:3      | Found a shadowy altar of Dithmenos.
  3846 | D:3      | Found a deep blue altar of Sif Muna.
  3848 | D:3      | Found a hazy altar of Hepliaklqana.
  3862 | D:3      | Found a sacrificial altar of Ru.
  3888 | D:3      | Fell from the grace of Xom
  3888 | D:3      | Became a worshipper of Ru the Awakened
  4402 | D:4      | Found a staircase to the Ecumenical Temple.
  4415 | Temple   | Entered the Ecumenical Temple
  4452 | Temple   | Fell from the grace of Ru
  4452 | Temple   | Became a worshipper of Nemelex Xobeh the Trickster
  4482 | Temple   | XOM: give mutations
  4482 | Temple   | Gained mutation: Your body sometimes deteriorates upon
                  | taking damage. [Xom's mischief]
  4482 | Temple   | Lost mutation: Your body sometimes deteriorates upon taking
                  | damage. [Xom's mischief]
  4482 | Temple   | Gained mutation: Scrolls take you a little longer to read.
                  | [Xom's mischief]
  4482 | Temple   | Gained mutation: You evolve. [Xom's mischief]
  4571 | D:4      | Found a glowing silver altar of Zin.
  4678 | D:5      | XOM: noise
  4678 | D:5      | Entered Level 5 of the Dungeon
  4740 | D:5      | Received a gift from Nemelex Xobeh
  4857 | D:5      | Noticed an ice beast
  4870 | D:5      | Reached skill level 1 in Invocations
  4878 | D:5      | Reached skill level 5 in Dodging
  4928 | D:5      | Killed an ice beast
  4928 | D:5      | Reached XP level 7. HP: 49/49 MP: 6/8
  5226 | D:5      | XOM: give mutations
  5226 | D:5      | Gained mutation: You are dopey. (Int -2) [Xom's mischief]
  5226 | D:5      | Gained mutation: Your magical capacity is low. (-10% MP)
                  | [Xom's mischief]
  5267 | D:6      | Reached * piety under Nemelex Xobeh
  5283 | D:6      | Found a shattered altar of Ashenzari.
  5389 | D:6      | Reached skill level 6 in Dodging
  5525 | D:6      | Found a runed translucent door.
  5526 | D:6      | Noticed Crazy Yiuf
  5574 | D:6      | Received a gift from Nemelex Xobeh
  5616 | D:6      | Killed Crazy Yiuf
  5747 | D:6      | Gained mutation: You possess an exceptional clarity of
                  | mind. [evolution]
  5783 | D:6      | XOM: mild Tmut miscast
  5833 | D:6      | Reached skill level 5 in Fighting
  5833 | D:6      | Reached XP level 8. HP: 38/55 MP: 9/9
  5944 | D:6      | XOM: severe Tloc miscast
  6101 | D:6      | XOM: give mutation
  6101 | D:6      | Gained mutation: You expend magic power (3 MP) to
                  | strengthen your wands. [Xom's mischief]
  6375 | D:6      | XOM: summons 1 hostile shadow creature
  6597 | D:6      | Reached skill level 7 in Dodging
  7084 | D:6      | Learned a level 2 spell: Blink
  7088 | D:6      | Learned a level 3 spell: Mephitic Cloud
  7089 | D:7      | Reached ** piety under Nemelex Xobeh
  7135 | D:7      | Reached skill level 1 in Translocations
  7143 | D:7      | Reached skill level 1 in Spellcasting
  7146 | D:7      | Noticed a komodo dragon
  7153 | D:7      | Slain by a gnoll

Levels and vault maps discovered:
D:1:      co_arrival_random_square_maze, layout_basic, minmay_statues_item,
          kennysheep_crisscross, serial_bayou_pond_c
D:2:      layout_loops_corners, grunt_gozag_breadcrumbs, first_ration
D:3:      layout_rooms, bloody_trog, grunt_temple_overflow_cloverleaf,
          cheibriados_altar_1, hangedman_decor_growths, kennysheep_doodads,
          grunt_ministairs_7
D:4:      layout_rooms, kennysheep_mini, nicolae_tso_besieged_by_evil,
          minmay_temple_entry_stoned_glass, chequers_serial_rivers_room_a
D:5:      layout_rooms
D:6:      layout_gridville, lemuel_crystal_altar, kennysheep_generic_room_8,
          uniq_crazy_yiuf_cottage
D:7:      layout_basic
Temple:   cyrus_temple_forest

Skill      XL: |  1  2  3  4  5  6  7  8 |
---------------+-------------------------+-----
Stealth        | 1 2 3 4 |  4.0
Dodging        | 3 4 5 6 7 |  7.3
Long Blades    | 4 |  4.0
Fighting       | 4 5 |  5.6
Invocations    | 1 3 4 |  4.0
Translocations | 1 |  1.5
Spellcasting   | 1 |  1.0

Action                   |  1- 3 |  4- 6 |  7- 9 || total
-------------------------+-------+-------+-------++-------
Melee: Falchion          |    53 |   147 |    16 ||   216
       Constrict         |    18 |    49 |    19 ||    86
       Tentacles         |     8 |    37 |    23 ||    68
       Quarterstaff      |       |       |    58 ||    58
       Rapier            |       |       |     3 ||     3
 Abil: Draw Destruction  |       |     2 |     6 ||     8
       Draw Escape       |       |     1 |       ||     1
Evoke: Wand              |       |       |     1 ||     1
  Use: Potion            |       |     1 |       ||     1
       Scroll            |       |     4 |     5 ||     9
 Stab: Sleeping          |     2 |     8 |     1 ||    11
       Confused          |       |     2 |     1 ||     3
       Paralysed         |       |     1 |       ||     1
  Eat: Chunk             |       |    13 |     2 ||    15
       Ration            |       |       |     1 ||     1
Armor: Skin              |    10 |     3 |     1 ||    14
Dodge: Dodged            |    43 |    99 |    52 ||   194
Block: Other             |       |     3 |    17 ||    20
       Rpst.: Falchion   |     9 |    32 |     3 ||    44

Table legend:
 A = Non-vault XP
 B = Vault XP
 C = Vault XP percentage of total XP
 D = Non-vault monster count
 E = Vault monster count
 F = Vault count percentage of total count
                 A         B        C        D         E       F
            +---------+---------+-------+---------+---------+-------
      Total |    1880 |     130 |   6.5 |     106 |      18 |  14.5
            +---------+---------+-------+---------+---------+-------
        D:1 |      35 |       0 |   0.0 |      18 |       0 |   0.0
        D:2 |     121 |       0 |   0.0 |      26 |       0 |   0.0
        D:3 |     100 |      18 |  15.3 |      21 |       3 |  12.5
        D:4 |      93 |      62 |  40.0 |       8 |      13 |  61.9
        D:5 |     322 |       0 |   0.0 |      10 |       0 |   0.0
        D:6 |     877 |      50 |   5.4 |      16 |       2 |  11.1
        D:7 |     332 |       0 |   0.0 |       7 |       0 |   0.0
            +---------+---------+-------+---------+---------+-------
